 Dungeon Crawl Stone Soup version 0.13-b1-45-g38f3f9b (webtiles) character file.

225 Lilouch the Skirmisher (level 4, -1/36 HPs)
             Began as a Mummy Fighter on Oct 9, 2013.
             Slain by a worm (6 damage)
             ... on Level 2 of the Dungeon.
             The game lasted 00:10:29 (10737 turns).

Lilouch the Skirmisher (Mummy Fighter)             Turns: 10737, Time: 00:10:29

HP  -1/36        AC 10     Str 20      XL: 4   Next: 69%
MP   3/3         EV  4     Int  7      God:
Gold 109         SH 18     Dex 11      Spells:  0 memorised,  3 levels left

Res.Fire  : x . .   See Invis. : .   a - +0 falchion
Res.Cold  : + . .   Warding    : .   e - +0 elf chain mail
Life Prot.: + + +   Conserve   : .   c - +0 shield
Res.Poison: +       Res.Corr.  : .   (no helmet)
Res.Elec. : .       Clarity    : .   x - +0 elf cloak
Sust.Abil.: . .     Spirit.Shd : .   (no gloves)
Res.Mut.  : .       Stasis     : .   (no boots)
Res.Rott. : +       Flight     : .   (no amulet)
Saprovore : . . .                    (no ring)
                                     (no ring)

@: slightly resistant to hostile enchantments, extremely unstealthy
A: no food or potions, fire vulnerability, restore body, cold resistance 1, life
protection 3, poison resistance, torment resistance, unbreathing
a: no special abilities


You were on level 2 of the Dungeon.
You were not hungry.

You visited 1 branch of the dungeon, and saw 3 of its levels.

You collected 89 gold pieces.

Inventory:

Hand weapons
 a - a +0,+0 falchion (weapon)
Missiles
 b - 2 silver darts
 f - 11 steel sling bullets
 g - 12 sling bullets of flame
 j - 22 stones (quivered)
 k - 4 darts
Armour
 c - a +0 shield (worn)
 e - a +0 elven chain mail (worn)
 x - a +0 elven cloak (worn)
Magical devices
 v - a wand of polymorph (7) {unknown}
Comestibles
 d - a rambutan
Scrolls
 h - a scroll of identify {unknown}
 i - a scroll of enchant weapon II {unknown}
 m - 3 scrolls of remove curse {unknown}
 n - a scroll of enchant weapon I {unknown}
 o - 2 scrolls of enchant armour {unknown}
 q - 2 scrolls of fear {unknown}
 r - 2 scrolls of amnesia {unknown}
 u - a scroll of blinking {unknown}
 w - a scroll of curse armour {unknown}
 y - a scroll of curse jewellery {unknown}
 z - a scroll of magic mapping {unknown}
Jewellery
 p - a +4 ring of protection {unknown}
Potions
 l - a potion of curing {unknown}
 s - a potion of restore abilities {unknown}
 t - a potion of flight {unknown}


   Skills:
 - Level 3.2 Fighting
 * Level 2.9 Long Blades
 + Level 2.9 Armour
 + Level 3.1 Shields


You had 3 spell levels left.
You didn't know any spells.

Dungeon Overview and Level Annotations

Branches:
Dungeon (3/27)

Altars:
Vehumet


Innate Abilities, Weirdness & Mutations

You do not eat or drink.
Your flesh is vulnerable to fire.
Your flesh is cold resistant.
You are immune to negative energy.
Your system is resistant to poisons.
You are immune to unholy pain and torment.
You can survive without breathing.


Message History

The worm bites you.
You hit the worm.
The worm is moderately wounded.
The worm bites you but does no damage.
Your shield and chain mail prevent you from hitting the worm.
The worm is moderately wounded.
You hit the worm.
The worm is moderately wounded.
The worm bites you.
You barely miss the worm.
The worm is moderately wounded.
The worm bites you!
* * * LOW HITPOINT WARNING * * *
Your shield and chain mail prevent you from hitting the worm.
The worm is moderately wounded.
You block the worm's attack.
You hit the worm.
The worm is heavily wounded.
The worm bites you.
You die...

#.# #.<.# #.##..####### #.#
#.#########.##..# #.####
#.##........##..# #.#...
#.##........##..# #.#...
#...........##..##########.#...
####........##..#........>.....
#>.).....##..#.########.#...
########.####.##w.#.########.#...
..............>.@................
########.####.##..#.########.####
#.# #.##..#.# #.# #.# #.##..#.##
#.# #.# #........#######.##
#######.####........##.......#
##.......jj..............j....#
....###..####........##.......#
....# #..# #........##.......#


You could see a worm.

Vanquished Creatures
  A worker ant (D:1)
  3 adders
  5 giant geckos (D:2)
  A ball python (D:1)
  4 giant cockroaches
  8 hobgoblins
  4 jackals (D:2)
  10 kobolds
  9 bats
  3 giant newts
  7 goblins
  8 rats
63 creatures vanquished.

Vanquished Creatures (others)
  A giant cockroach (D:2)
  A goblin (D:2)
2 creatures vanquished.

Grand Total: 65 creatures vanquished

Notes
Turn   | Place    | Note
--------------------------------------------------------------
     0 | D:1      | Lilouch, the Mummy Fighter, began the quest for the Orb.
     0 | D:1      | Reached XP level 1. HP: 18/18 MP: 0/0
   256 | D:1      | Reached XP level 2. HP: 24/24 MP: 1/1
   759 | D:2      | Found a radiant altar of Vehumet.
   783 | D:2      | Reached XP level 3. HP: 26/30 MP: 2/2
  2676 | D:1      | Reached XP level 4. HP: 33/36 MP: 3/3
  5721 | D:1      | Noticed a wraith
 10737 | D:2      | Slain by a worm

Action                   |  1- 3 |  4- 6 || total
-------------------------+-------+-------++-------
Melee: Falchion          |   124 |   155 ||   279
